APP
GREAT FALLS VOYAGERS @ PRINCETON RAYS
09/17/2047
 
TOP OF THE 1ST
Great Falls Voyagers batting - Pitching for Princeton Rays : RHP Ryan Van Riper
Pitching: RHP Ryan Van Riper
Batting: RHB Andy Cotton 0-0: Called Strike
0-1: Ball
1-1: Ball
2-1: TRIPLE (Groundball, 3L, EV 111.2 MPH)
Batting: RHB Russ Cornett 0-0: Ground out 5-3 (Groundball, 5, EV 101.2 MPH)
Batting: RHB Josiah Wright 0-0: Called Strike
0-1: Swinging Strike
0-2: Strikes out looking
Batting: RHB Billy Grubbs 0-0: Foul Ball, location: 2F
0-1: Foul Ball, location: 2F
0-2: Strikes out looking
Top of the 1st over - 0 runs, 1 hit, 0 errors, 1 left on base; Great Falls 0 - Princeton 0
BOTTOM OF THE 1ST
Princeton Rays batting - Pitching for Great Falls Voyagers : LHP Amari Miller
Pitching: LHP Amari Miller
Batting: RHB Alex Koral 0-0: Fly out, F9 (Flyball, 9D, EV 108.1 MPH)
Batting: RHB Roberto Aispuro 0-0: Ball
1-0: Ball
2-0: Called Strike
2-1: Ball
3-1: Base on Balls
Batting: RHB Adam Turpin 0-0: Ball
1-0: Foul Ball, location: 2F
1-1: Foul Ball, location: 2F
1-2: Strikes out swinging
Batting: LHB Oscar Curiel 0-0: Foul Ball, location: 2F
0-1: Ground out U3 (Groundball, 3, EV 91.2 MPH)
Bottom of the 1st over - 0 runs, 0 hits, 0 errors, 1 left on base; Great Falls 0 - Princeton 0
TOP OF THE 2ND
Great Falls Voyagers batting - Pitching for Princeton Rays : RHP Ryan Van Riper
Batting: RHB Mitch Cuadros 0-0: Ball
1-0: Called Strike
1-1: Called Strike
1-2: Ball
2-2: Ball
3-2: Strikes out swinging
Batting: RHB Francisco Marin 0-0: Swinging Strike
0-1: Foul Ball, location: 2F
0-2: Foul Ball, location: 2F
0-2: Ball
1-2: Ball
2-2: Foul Ball, location: 2F
2-2: Strikes out swinging
Batting: SHB Jose Romo 0-0: Ball
1-0: Ball
2-0: Ball
3-0: Called Strike
3-1: Ground out 4-3 (Groundball, 34D, EV 99.4 MPH)
Top of the 2nd over - 0 runs, 0 hits, 0 errors, 0 left on base; Great Falls 0 - Princeton 0
BOTTOM OF THE 2ND
Princeton Rays batting - Pitching for Great Falls Voyagers : LHP Amari Miller
Batting: RHB Jason Penfield 0-0: Ball
1-0: Foul Ball, location: 2F
1-1: Ball
2-1: Ball
3-1: Foul Ball, location: 2F
3-2: Foul Ball, location: 2F
3-2: Strikes out swinging
Batting: RHB Bobby Ross 0-0: Ground out 6-3 (Groundball, 6, EV 83.1 MPH)
Batting: SHB Luis Verduzco 0-0: Foul Ball, location: 2F
0-1: SINGLE (Groundball, 6MD, EV 79.4 MPH) (infield hit)
Batting: RHB Wan-ling Zhu 0-0: SINGLE (Groundball, 4MS, EV 63.8 MPH) (infield hit)
Luis Verduzco to second
Batting: RHB Bogumil Filipowski 0-0: Ball
1-0: Called Strike
1-1: SINGLE (Groundball, 5L, EV 94.4 MPH) (infield hit)
Luis Verduzco to third
Wan-ling Zhu to second
Batting: RHB Alex Koral 0-0: Foul Ball, location: 2F
0-1: Fly out, F7 (Flyball, 78S, EV 92.5 MPH)
Bottom of the 2nd over - 0 runs, 3 hits, 0 errors, 3 left on base; Great Falls 0 - Princeton 0
TOP OF THE 3RD
Great Falls Voyagers batting - Pitching for Princeton Rays : RHP Ryan Van Riper
Batting: RHB Enrique Gomez 0-0: Ball
1-0: Ground out 5-3 (Groundball, 15, EV 83.1 MPH)
Batting: RHB David Cortez 0-0: Ball
1-0: Ball
2-0: SINGLE (Groundball, 6D, EV 105.0 MPH)
Batting: RHB Andy Cotton 0-0: Called Strike
0-1: Swinging Strike
0-2: Strikes out swinging
Batting: RHB Russ Cornett 0-0: Ball
1-0: Ball
2-0: Called Strike
2-1: Fly out, F3 (Popup, 3F, EV 63.1 MPH)
Top of the 3rd over - 0 runs, 1 hit, 0 errors, 1 left on base; Great Falls 0 - Princeton 0
BOTTOM OF THE 3RD
Princeton Rays batting - Pitching for Great Falls Voyagers : LHP Amari Miller
Batting: RHB Roberto Aispuro 0-0: Ball
1-0: Ball
2-0: Foul Ball, location: 2F
2-1: Foul Ball, location: 2F
2-2: Ball
3-2: Foul Ball, location: 2F
3-2: Fly out, F3 (Popup, 3SF, EV 85.6 MPH)
Batting: RHB Adam Turpin 0-0: Called Strike
0-1: Ground out 6-3 (Groundball, 6, EV 95.6 MPH)
Batting: LHB Oscar Curiel 0-0: Called Strike
0-1: Ball
1-1: Foul Ball, location: 2F
1-2: Strikes out swinging
Bottom of the 3rd over - 0 runs, 0 hits, 0 errors, 0 left on base; Great Falls 0 - Princeton 0
TOP OF THE 4TH
Great Falls Voyagers batting - Pitching for Princeton Rays : RHP Ryan Van Riper
Batting: RHB Josiah Wright 0-0: Called Strike
0-1: Ball
1-1: Ball
2-1: Ball
3-1: Foul Ball, location: 2F
3-2: Base on Balls
Batting: RHB Billy Grubbs 0-0: DOUBLE (Line Drive, 78XD, EV 99.4 MPH)
Josiah Wright to third
Runner from 3rd tries for Home, SAFE, throw by LF to home
Batting: RHB Mitch Cuadros 0-0: Called Strike
0-1: Ball
1-1: Ball
2-1: Ball
3-1: Base on Balls
Batting: RHB Francisco Marin 0-0: Ball
1-0: 3-RUN HOME RUN (Flyball, 9LD, EV 95.6 MPH), Distance : 347 ft
Batting: SHB Jose Romo 0-0: Swinging Strike
0-1: Ball
1-1: Foul Ball, location: 2F
1-2: Ball
2-2: Foul Ball, location: 2F
2-2: Ball
3-2: Fly out, F9 (Line Drive, 9LS, EV 110.6 MPH)
Batting: RHB Enrique Gomez 0-0: Swinging Strike
0-1: Ball
1-1: Fly out, F9 (Flyball, 9LSF, EV 78.1 MPH)
Batting: RHB David Cortez 0-0: SINGLE (Groundball, 56D, EV 95.0 MPH)
Batting: RHB Andy Cotton 0-0: Foul Ball, location: 2F
0-1: Ball
Wild Pitch!
David Cortez to second
1-1: Called Strike
1-2: Foul Ball, location: 2F
1-2: Foul Ball, location: 2F
1-2: Foul Ball, location: 2F
1-2: Ball
2-2: Ball
3-2: Fly out, F9 (Flyball, 89XD, EV 96.2 MPH)
Top of the 4th over - 4 runs, 3 hits, 0 errors, 1 left on base; Great Falls 4 - Princeton 0
BOTTOM OF THE 4TH
Princeton Rays batting - Pitching for Great Falls Voyagers : LHP Amari Miller
Batting: RHB Jason Penfield 0-0: Ball
1-0: Foul Ball, location: 2F
1-1: Swinging Strike
1-2: Ball
2-2: SINGLE (Groundball, 25, EV 68.8 MPH) (infield hit)
Batting: RHB Bobby Ross 0-0: Foul Ball, location: 2F
0-1: Fly out, F8 (Flyball, 78M, EV 91.9 MPH)
Batting: SHB Luis Verduzco 0-0: Called Strike
0-1: Ball
1-1: Fielders Choice at 2nd, 5-4 (Groundball, 56, EV 109.4 MPH)
Batting: RHB Wan-ling Zhu 0-0: Ball
Luis Verduzco is caught stealing 2nd base 2-4
Bottom of the 4th over - 0 runs, 1 hit, 0 errors, 0 left on base; Great Falls 4 - Princeton 0
TOP OF THE 5TH
Great Falls Voyagers batting - Pitching for Princeton Rays : RHP Ryan Van Riper
Batting: RHB Russ Cornett 0-0: Reached on error, E5 (Groundball, 5S, EV 69.4 MPH)
Batting: RHB Josiah Wright 0-0: Ball
1-0: SINGLE (Line Drive, 7LS, EV 101.2 MPH)
Russ Cornett to second
Batting: RHB Billy Grubbs 0-0: Ball
1-0: Foul Ball, location: 2F
1-1: Grounds into double play, 5-4-3 (Groundball, 56, EV 84.4 MPH)
Russ Cornett to third
Batting: RHB Mitch Cuadros 0-0: Ball
1-0: Ball
2-0: Called Strike
2-1: Foul Ball, location: 2F
2-2: Strikes out looking
Top of the 5th over - 0 runs, 1 hit, 1 error, 1 left on base; Great Falls 4 - Princeton 0
BOTTOM OF THE 5TH
Princeton Rays batting - Pitching for Great Falls Voyagers : LHP Amari Miller
Batting: RHB Wan-ling Zhu 0-0: Ball
1-0: Called Strike
1-1: Foul Ball, location: 2F
1-2: Ball
2-2: Ground out 6-3 (Groundball, 56, EV 110.0 MPH)
Batting: RHB Bogumil Filipowski 0-0: Ball
1-0: Swinging Strike
1-1: Ball
2-1: Fly out, F9 (Flyball, 89M, EV 94.4 MPH)
Batting: RHB Alex Koral 0-0: Called Strike
0-1: Ball
1-1: Swinging Strike
1-2: Foul Ball, location: 2F
1-2: Strikes out swinging
Bottom of the 5th over - 0 runs, 0 hits, 0 errors, 0 left on base; Great Falls 4 - Princeton 0
TOP OF THE 6TH
Great Falls Voyagers batting - Pitching for Princeton Rays : RHP Ryan Van Riper
Batting: RHB Francisco Marin 0-0: Fly out, F2 (Popup, 25F, EV 81.9 MPH)
Batting: SHB Jose Romo 0-0: Called Strike
0-1: Ball
1-1: Ball
2-1: DOUBLE (Flyball, 89D, EV 98.8 MPH)
Batting: RHB Enrique Gomez 0-0: Ball
1-0: Ground out 3-1 (Groundball, 34, EV 82.5 MPH)
Jose Romo to third
Batting: RHB David Cortez 0-0: Foul Ball, location: 2F
0-1: Swinging Strike
0-2: Ball
1-2: Fly out, F8 (Flyball, 8LM, EV 95.6 MPH)
Top of the 6th over - 0 runs, 1 hit, 0 errors, 1 left on base; Great Falls 4 - Princeton 0
BOTTOM OF THE 6TH
Princeton Rays batting - Pitching for Great Falls Voyagers : LHP Amari Miller
Pitching: RHP Tristan Chapple
Batting: RHB Roberto Aispuro 0-0: Ball
1-0: Ball
2-0: Ball
3-0: Foul Ball, location: 2F
3-1: Swinging Strike
3-2: Foul Ball, location: 2F
3-2: SINGLE (Groundball, 4D, EV 105.0 MPH)
Batting: RHB Adam Turpin 0-0: Ball
1-0: Called Strike
1-1: Foul Ball, location: 2F
1-2: Fly out, F5 (Flyball, 5D, EV 87.5 MPH)
Batting: LHB Oscar Curiel 0-0: Ball
1-0: Swinging Strike
1-1: Ball
2-1: Ball
3-1: Base on Balls
Roberto Aispuro to second
Pinch Hitting: SHB Ray Luna 0-0: Called Strike
0-1: SINGLE (Groundball, 34D, EV 107.5 MPH)
Roberto Aispuro to third
Oscar Curiel to second
Batting: RHB Bobby Ross 0-0: SINGLE (Groundball, 56, EV 85.6 MPH) (infield hit)
Roberto Aispuro scores
Oscar Curiel to third
Ray Luna to second
Pinch Hitting: SHB Joshua Jackson 0-0: Ball
1-0: Ball
2-0: Fly out, F8 (Flyball, 8RM, EV 93.1 MPH)
Runner from 3rd tags up, SCORES, throw by CF
Pinch Hitting: SHB Berthold Frey 0-0: Fielders Choice at 2nd, U6 (Groundball, 4MD, EV 87.5 MPH)
Bottom of the 6th over - 2 runs, 3 hits, 0 errors, 2 left on base; Great Falls 4 - Princeton 2
TOP OF THE 7TH
Great Falls Voyagers batting - Pitching for Princeton Rays : RHP Ryan Van Riper
Now at 1B: Dave Northam
Now at SS: Joshua Jackson
Now in CF: Berthold Frey
Batting: RHB Andy Cotton 0-0: Ball
1-0: Called Strike
1-1: Foul Ball, location: 2F
1-2: Foul Ball, location: 2F
1-2: Foul Ball, location: 2F
1-2: Ball
2-2: Fly out, F8 (Flyball, 8RXD, EV 93.8 MPH)
Batting: RHB Russ Cornett 0-0: Called Strike
0-1: Foul Ball, location: 2F
0-2: Fly out, F7 (Flyball, 7LMF, EV 104.4 MPH)
Batting: RHB Josiah Wright 0-0: Called Strike
0-1: Ball
1-1: SINGLE (Groundball, 56D, EV 107.5 MPH)
Pitching: RHP David Silguero
Batting: RHB Billy Grubbs 0-0: Called Strike
Josiah Wright steals 2nd base
0-1: Ball
1-1: Ball
2-1: Foul Ball, location: 2F
2-2: Ball
3-2: Base on Balls
Batting: RHB Mitch Cuadros 0-0: Ball
1-0: Ball
2-0: Ball
3-0: Called Strike
3-1: Foul Ball, location: 2F
3-2: SINGLE (Line Drive, 9LS, EV 103.1 MPH)
Josiah Wright to third
Billy Grubbs to second
Josiah Wright scores
Billy Grubbs to third
Batting: RHB Francisco Marin 0-0: Fielders Choice at 2nd, 6-4 (Groundball, 6, EV 87.5 MPH)
Top of the 7th over - 1 run, 2 hits, 0 errors, 2 left on base; Great Falls 5 - Princeton 2
BOTTOM OF THE 7TH
Princeton Rays batting - Pitching for Great Falls Voyagers : RHP Tristan Chapple
Batting: RHB Bogumil Filipowski 0-0: Ball
1-0: Called Strike
1-1: Swinging Strike
1-2: Ground out U3 (Groundball, 3, EV 85.6 MPH)
Batting: RHB Alex Koral 0-0: Ball
1-0: Foul Ball, location: 2F
1-1: Ball
2-1: Foul Ball, location: 2F
2-2: Ball
3-2: Ground out 4-3 (Groundball, 4, EV 90.0 MPH)
Batting: RHB Roberto Aispuro 0-0: Called Strike
0-1: Foul Ball, location: 2F
0-2: Ball
1-2: Foul Ball, location: 2F
1-2: Foul Ball, location: 2F
1-2: Fly out, F7 (Flyball, 7LM, EV 92.5 MPH)
Bottom of the 7th over - 0 runs, 0 hits, 0 errors, 0 left on base; Great Falls 5 - Princeton 2
TOP OF THE 8TH
Great Falls Voyagers batting - Pitching for Princeton Rays : RHP David Silguero
Batting: SHB Jose Romo 0-0: Ball
1-0: Called Strike
1-1: Foul Ball, location: 2F
1-2: Strikes out swinging
Batting: RHB Enrique Gomez 0-0: Called Strike
0-1: Foul Ball, location: 2F
0-2: Ball
1-2: Ball
2-2: Strikes out swinging
Batting: RHB David Cortez 0-0: Swinging Strike
0-1: Ball
1-1: Ball
2-1: Ball
3-1: Called Strike
3-2: Strikes out swinging
Top of the 8th over - 0 runs, 0 hits, 0 errors, 0 left on base; Great Falls 5 - Princeton 2
BOTTOM OF THE 8TH
Princeton Rays batting - Pitching for Great Falls Voyagers : RHP Tristan Chapple
Batting: RHB Adam Turpin 0-0: Foul Ball, location: 2F
0-1: Ball
1-1: Ball
2-1: Ball
3-1: Base on Balls
Batting: LHB Oscar Curiel 0-0: Hit by Pitch
Adam Turpin to second
Batting: LHB Dave Northam 0-0: Ball
1-0: Ball
Wild Pitch!
Adam Turpin to third
Oscar Curiel to second
2-0: Ball
3-0: Called Strike
3-1: Called Strike
3-2: Base on Balls
Pitching: RHP Chris Myers
Batting: RHB Bobby Ross 0-0: Called Strike
0-1: Called Strike
0-2: Ball
1-2: Ball
2-2: Ball
3-2: Foul Ball, location: 2F
3-2: Foul Ball, location: 2F
3-2: Base on Balls
Adam Turpin scores
Oscar Curiel to third
Dave Northam to second
Batting: SHB Joshua Jackson 0-0: Foul Ball, location: 2F
0-1: Ball
1-1: Swinging Strike
1-2: Foul Ball, location: 2F
1-2: Foul Ball, location: 2F
1-2: DOUBLE (Line Drive, 89XD, EV 97.5 MPH)
Oscar Curiel scores
Dave Northam scores
Bobby Ross to third
Batting: SHB Berthold Frey 0-0: Intentional Walk
Pinch Hitting: RHB Jim Erdody 0-0: Grounds into double play, 1-2-3 (Groundball, 15S, EV 69.4 MPH)
Joshua Jackson to third
Berthold Frey to second
Batting: RHB Alex Koral 0-0: SINGLE (Flyball, 4D, EV 97.5 MPH)
Joshua Jackson scores
Berthold Frey to third
Runner from 3rd tries for Home, SAFE, throw by RF to home
Batting: RHB Roberto Aispuro 0-0: Ball
Alex Koral is caught stealing 2nd base 2-4
Bottom of the 8th over - 5 runs, 2 hits, 0 errors, 0 left on base; Great Falls 5 - Princeton 7
TOP OF THE 9TH
Great Falls Voyagers batting - Pitching for Princeton Rays : RHP David Silguero
Pitching: RHP Mike Balm
Now at 2B: Joshua Jackson
Now at 3B: Berthold Frey
Now at SS: Jim Erdody
Now in CF: Sean Boenig
Batting: RHB Andy Cotton 0-0: Ball
1-0: Called Strike
1-1: Swinging Strike
1-2: Ball
2-2: Foul Ball, location: 2F
2-2: Fly out, F8 (Flyball, 8RD, EV 95.0 MPH)
Batting: RHB Russ Cornett 0-0: Ball
1-0: Ball
2-0: Called Strike
2-1: Foul Ball, location: 2F
2-2: Foul Ball, location: 2F
2-2: Ball
3-2: Fly out, F8 (Flyball, 8LM, EV 90.0 MPH)
Batting: RHB Josiah Wright 0-0: Ball
1-0: DOUBLE (Line Drive, 9LM, EV 104.4 MPH)
Batting: RHB Billy Grubbs 0-0: Foul Ball, location: 2F
0-1: Ball
1-1: Ball
2-1: Ball
3-1: Base on Balls
Batting: RHB Mitch Cuadros 0-0: Ball
1-0: 3-RUN HOME RUN (Flyball, 7D, EV 95.6 MPH), Distance : 370 ft
Pinch Hitting: SHB Ethan Villalobos 0-0: Foul Ball, location: 2F
0-1: Ball
1-1: Foul Ball, location: 2F
1-2: Foul Ball, location: 2F
1-2: Strikes out swinging
Top of the 9th over - 3 runs, 2 hits, 0 errors, 0 left on base; Great Falls 8 - Princeton 7
BOTTOM OF THE 9TH
Princeton Rays batting - Pitching for Great Falls Voyagers : RHP Chris Myers
Now at 1B: Bill Stern
Batting: RHB Roberto Aispuro 0-0: Ball
1-0: Ball
2-0: DOUBLE (Line Drive, 3D, EV 98.1 MPH)
Pitching: LHP Nick Hamlin
Batting: RHB Adam Turpin 0-0: SINGLE (Groundball, 34D, EV 97.5 MPH)
Roberto Aispuro to third
Runner from 3rd tries for Home, throw by RF and OUT! 9-2
Batting: LHB Oscar Curiel 0-0: Ball
1-0: Foul Ball, location: 2F
1-1: Called Strike
1-2: SINGLE (Line Drive, 78M, EV 93.1 MPH)
Adam Turpin to second
Pinch Hitting: RHB Octavio Cuevas 0-0: Ball
1-0: SINGLE (Line Drive, 89M, EV 92.5 MPH)
Adam Turpin to third
Oscar Curiel to second
Batting: RHB Bobby Ross 0-0: Called Strike
0-1: Ball
1-1: Swinging Strike
1-2: Foul Ball, location: 2F
1-2: Strikes out looking
Batting: SHB Joshua Jackson 0-0: Fly out, F7 (Flyball, 7, EV 75.0 MPH)
Bottom of the 9th over - 0 runs, 4 hits, 0 errors, 3 left on base; Great Falls 8 - Princeton 7
Thursday, December 15th , 2022 - OOTP Baseball 23.9 Build 102